 Dungeon Crawl Stone Soup version 0.29.0-15-g675c0067aa (webtiles) character file.

Game seed: 3808744703411051561

233 safid the Shooter (level 5, -3/45 HPs)
             Began as a Minotaur Hunter on Sept 11, 2022.
             Killed by divine providence
             ... invoked by an orc priest
              (11 damage)
             ... on level 4 of the Dungeon.
             The game lasted 00:03:04 (3073 turns).

safid the Shooter (Minotaur Hunter)                 Turns: 3073, Time: 00:03:05

Health: -3/45      AC:  6    Str: 16    XL:     5   Next: 75%
Magic:  4/4        EV: 12    Int:  6    God:
Gold:   224        SH:  0    Dex: 15    Spells: 4/4 levels left

rFire   + . .      SeeInvis .   a - +0 shortbow
rCold   . . .      Faith    .   (shield currently unavailable)
rNeg    . . .      Spirit   .   c - +0 leather armour
rPois   .          Reflect  .   (helmet restricted)
rElec   .          Harm     .   u - +1 cloak {Stlth+}
rCorr   +          Rampage  .   n - +0 pair of gloves
Will    .....                   (no boots)
Stlth   ++........              (no amulet)
HPRegen 0.15/turn               i - ring of resist corrosion
MPRegen 0.09/turn               b - ring of protection from fire

@: no status effects
A: horns 2, retaliatory headbutt
a: no special abilities


You were on level 4 of the Dungeon.
You visited 1 branch of the dungeon, and saw 4 of its levels.

You collected 224 gold pieces.

Inventory:

Hand Weapons
 a - a +0 shortbow (weapon)
 f - a +3 dagger of draining
Missiles
 q - 5 poisoned darts
Armour
 c - a +0 leather armour (worn)
 n - a +0 pair of gloves (worn)
 u - a +1 cloak of stealth (worn)
Jewellery
 b - a ring of protection from fire (right hand)
 i - a ring of resist corrosion (left hand)
 v - a ring of protection from cold
Scrolls
 d - 6 scrolls of teleportation {unknown}
 g - a scroll of fear {unknown}
 h - a scroll of torment {unknown}
 j - a scroll of fog {unknown}
 k - 2 scrolls of blinking {unknown}
 o - a scroll of amnesia {unknown}
 r - a scroll of identify {unknown}
 t - a scroll of acquirement {unknown}
 x - 2 scrolls of noise {unknown}
Potions
 e - 5 potions of curing {unknown}
 l - 2 potions of heal wounds {unknown}
 m - a potion of might {unknown}
 p - a potion of attraction {unknown}
 s - a potion of cancellation {unknown}
 w - 2 potions of degeneration {unknown}


   Skills:
 + Level 3.2 Fighting
 + Level 7.1 Ranged Weapons
 + Level 1.7 Armour
 + Level 2.4 Dodging
 - Level 0.7 Stealth


You had 4 spell levels left.
You didn't know any spells.
Your spell library contained the following spells:

 Spells                   Type           Power      Damage    Failure   Level
 Sublimation of Blood     Necr           0%         N/A       67%         2
 Gell's Gravitas          Tloc           0%         N/A       88%         3
 Lesser Beckoning         Tloc           0%         N/A       88%         3
 Teleport Other           Tloc           0%         N/A       88%         3
 Petrify                  Tmut/Erth      0%         N/A       99%         4
 Irradiate                Conj/Tmut      0%         3d11      100%        5
 Conjure Ball Lightning   Conj/Air       0%         3x3d6     100%        6
 Discord                  Hex            0%         N/A       100%        8
 Disjunction              Tloc           0%         N/A       100%        8


Dungeon Overview and Level Annotations

Branches:
Dungeon (4/15)
 Temple: D:4-7

Altars:
Yredelemnul

Annotations:
D:3 4 runed translucent doors, Strat's ghost, amateur MiMo


Innate Abilities, Weirdness & Mutations

You have a pair of horns on your head.
You reflexively headbutt those who attack you in melee.


Message History

Fire: a) +0 shortbow
Press: ? - help, Q - select action, (/) - cycle Shift-Dir - straight line, f/p - orc priest
Aim: an orc priest, wielding a +0 short sword and wearing a +0 leather armour (heavily wounded, 63% to hit)
You shoot an arrow. The arrow barely misses the orc priest.
The arrow hits the orc priest!
The orc priest is severely wounded.
The orc priest barely misses you. You furiously retaliate!
You headbutt the orc priest.
Fire: a) +0 shortbow
Press: ? - help, Q - select action, (/) - cycle Shift-Dir - straight line, f/p - orc priest
Aim: an orc priest, wielding a +0 short sword and wearing a +0 leather armour (almost dead, 63% to hit)
You shoot an arrow. The arrow barely misses the orc priest.
The arrow hits the orc priest!
You kill the orc priest!
The orc priest calls down the wrath of Beogh upon you.
You barely resist.
The orc priest hits you with a +0 short sword.
* * * LOW HITPOINT WARNING * * *
Fire: a) +0 shortbow
Press: ? - help, Q - select action, (/) - cycle Shift-Dir - straight line, f/p - orc priest
Aim: an orc priest, wielding a +0 short sword and wearing a +0 leather armour (severely wounded, 63% to hit)
You shoot an arrow.
The arrow hits the orc priest but does no damage.
The orc priest is severely wounded.
The orc priest hits you with a +0 short sword.
* * * LOW HITPOINT WARNING * * *
Fire: a) +0 shortbow
Press: ? - help, Q - select action, (/) - cycle Shift-Dir - straight line, f/p - orc priest
Aim: an orc priest, wielding a +0 short sword and wearing a +0 leather armour (severely wounded, 63% to hit)
You shoot an arrow.
The arrow hits the orc priest but does no damage.
The orc priest is severely wounded.
Fire: a) +0 shortbow
Press: ? - help, Q - select action, (/) - cycle Shift-Dir - straight line, f/p - orc priest
Aim: an orc priest, wielding a +0 short sword and wearing a +0 leather armour (severely wounded, 63% to hit)
You shoot an arrow.
The arrow hits the orc but does no damage.
The orc priest mumbles some strange prayers to Beogh against you.
Beogh smites you!
You die...

### #.. #.# #### #.# ...# #.#
# ...########### #.# .#
.............# #.##### ..#
.......#####.#####.#...##...#
.......+........@oo'.........
##.....#.....#####.#.........
##.....#........##...........
#...............####.##......
#...............# ...# ...[#
........)....####..... ...#
.###...#.....# #o..... ... .#
#...#.....# ...o....# ..
.###...#####[##....#+### .


You could see an orc priest and an orc.

Vanquished Creatures
  A phantom (D:3)
  2 orc priests (D:4)
  A jelly (D:4)
  2 adders (D:3)
  A dart slug (D:1)
  3 orcs (D:4)
  5 ball pythons
  2 bats
  5 endoplasms
  3 giant cockroaches
  A hobgoblin (D:1)
  3 kobolds
  A quokka (D:1)
  9 goblins
  A kobold skeleton (D:3)
  3 rats
43 creatures vanquished.

Notes
Turn   | Place    | Note
-------+----------+-------------------------------------------
     0 | D:1      | safid the Minotaur Hunter began the quest for the Orb.
     0 | D:1      | Reached XP level 1. HP: 18/18 MP: 0/0
   349 | D:1      | Reached XP level 2. HP: 25/25 MP: 1/1
   392 | D:1      | Reached skill level 5 in Ranged Weapons
   716 | D:1      | Found a faded altar of an unknown god.
  1723 | D:3      | Reached XP level 3. HP: 30/30 MP: 2/2
  1768 | D:3      | Found a runed translucent door.
  1768 | D:3      | Noticed a human
  1771 | D:3      | Found a basalt altar of Yredelemnul.
  1906 | D:3      | Noticed a phantom
  1920 | D:3      | Killed a phantom
  1921 | D:3      | Reached skill level 6 in Ranged Weapons
  1921 | D:3      | Reached skill level 1 in Armour
  1921 | D:3      | Reached XP level 4. HP: 23/37 MP: 3/3
  2079 | D:3      | Found a runed translucent gate.
  2079 | D:3      | Found a runed translucent gate.
  2082 | D:3      | Found a runed translucent gate.
  2082 | D:3      | Noticed Strat's ghost (amateur MiMo)
  2084 | D:3      | Noticed a kobold brigand
  2656 | D:4      | Reached XP level 5. HP: 45/45 MP: 4/4
  3066 | D:4      | Reached skill level 7 in Ranged Weapons
  3073 | D:4      | Killed from afar by an orc priest

Illustrated notes

Levels and vault maps discovered:
D:1:      dpeg_arrival_simpleton_a, layout_basic,
          hellmonk_ecumenical_altar_inner_sanctum
D:2:      layout_loops_corners
D:3:      layout_loops_cross, dk_yredelemnul_ordeal,
          gammafunk_ghost_nasty_kobolds
D:4:      layout_basic, serial_shops,
          nicolae_shop_temple_entry_statues_fountains

Skill      XL: |  1  2  3  4  5 |
---------------+----------------+-----
Ranged Weapons | 5 6 7 |  7.1
Armour         | 1 |  1.7
Fighting       | 3 |  3.2
Dodging        | |  2.4
Stealth        | |  0.7

Action                   |  1- 3 |  4- 6 || total
-------------------------+-------+-------++-------
 Fire: Shortbow          |    85 |    68 ||   153
Armor: Leather armour    |    10 |     8 ||    18
Dodge: Dodged            |    19 |    11 ||    30
